 Dungeon Crawl Stone Soup version 0.28.0-62-gf88900778d (webtiles) character file.

Game seed: 15828850888586397378

290 cbfl8 the Chopper (level 6, 0/56 HPs)
             Began as a Minotaur Berserker on Feb 27, 2023.
             Was a Believer of Trog.
             Splashed by a jelly's acid (2 damage)
             ... in a sewer.
             The game lasted 00:02:12 (3056 turns).

cbfl8 the Chopper (Minotaur Berserker)              Turns: 3056, Time: 00:02:13

Health: 0/56       AC: -6    Str: 27    XL:     6   Next: 9%
Magic:  5/5        EV:  9    Int:  4    God:    Trog [**....]
Gold:   29         SH:  0    Dex: 12    Spells: 5/5 levels left

rFire   . . .      SeeInvis .   a - +0 hand axe
rCold   . . .      Faith    .   (no shield)
rNeg    . . .      Spirit   .   e - +0 chain mail
rPois   .          Reflect  .   (helmet restricted)
rElec   .          Harm     .   (no cloak)
rCorr   .          Rampage  .   (no gloves)
Will    .....                   (no boots)
Stlth   ..........              (no amulet)
HPRegen 0.18/turn               c - +6 ring of strength
MPRegen 0.09/turn               (no ring)

@: corroded
A: horns 2, retaliatory headbutt
a: Renounce Religion, Berserk, Trog's Hand


You were in a sewer.
You worshipped Trog.
Trog was pleased with you.
You visited 1 branch of the dungeon, and saw 3 of its levels.
You also visited: Sewer.

You collected 29 gold pieces.

Inventory:

Hand Weapons
 a - a +0 hand axe (weapon)
Armour
 e - a +0 chain mail (worn)
Jewellery
 c - a +6 ring of strength (left hand)
Scrolls
 d - a scroll of amnesia {unknown}
 i - 2 scrolls of teleportation {unknown}
 j - a scroll of vulnerability {unknown}
 m - a scroll of fog {unknown}
 n - a scroll of magic mapping
Potions
 b - a potion of lignification {unknown}
 f - a potion of attraction {unknown}
 g - 2 potions of heal wounds {unknown}
 h - a potion of resistance {unknown}
 k - a potion of mutation {unknown}
 l - 3 potions of haste {unknown}
 o - a potion of brilliance {unknown}


   Skills:
 + Level 5.0 Fighting
 + Level 6.1 Axes
 + Level 4.5 Armour
 + Level 2.5 Dodging


You had 5 spell levels left.
You didn't know any spells.
Your spell library was empty.

Dungeon Overview and Level Annotations

Branches:
Dungeon (3/15)              Sewer (1/1)

Altars:


Innate Abilities, Weirdness & Mutations

You have a pair of horns on your head.
You reflexively headbutt those who attack you in melee.


Message History

The jelly is moderately wounded.
The jelly barely misses you.
A jelly is nearby!
You hit the jelly. The acid corrodes you!
Your hands burn!
The jelly is heavily wounded.
The jelly barely misses you. You furiously retaliate!
You headbutt the jelly.
A jelly is nearby!
You hit the jelly but do no damage.
Your hands burn!
The jelly is severely wounded.
The jelly barely misses you.
A jelly is nearby!
You hit the jelly.
Your hands burn!
Your headbutt misses the jelly.
The jelly is almost dead.
The jelly closely misses you.
A jelly is nearby!
You hit the jelly but do no damage.
Your hands burn!
The jelly is almost dead.
The jelly hits you. The acid corrodes you!
You are splashed with acid!
A jelly is nearby!
You hit the jelly but do no damage.
Your hands burn!
The jelly is almost dead.
The jelly hits you. The acid corrodes you!
You are splashed with acid!
A jelly is nearby!
You are too injured to fight recklessly!
A jelly is nearby!
You are too injured to fight recklessly!
A jelly is nearby!
You are too injured to fight recklessly!
You completely miss the jelly.
The jelly is almost dead.
The jelly barely misses you.
You hit the jelly but do no damage.
Your hands burn!
* * * LOW HITPOINT WARNING * * *
The jelly is almost dead.
The jelly hits you.
* * * LOW HITPOINT WARNING * * *
The acid corrodes you!
You are splashed with acid!
* * * LOW HITPOINT WARNING * * *
You hit the jelly but do no damage. The acid corrodes you!
Your hands burn!
You die...

#..# #..# #.≈# #≈≈# #..# #≈.#
#≈.# #.≈####≈≈# #..#
#..≈.....# #..# #≈..≈....#
#..# ########## #≈.## #####
#≈..# ##≈≈.## ##..## #≈J@≈.#
#≈.≈####.≈.#.≈#
#.≈≈≈≈##![##.≈####
##≈....####..≈...##
####≈...##≈≈≈≈..≈≈####
#..##≈.≈≈...###.≈≈..≈##
#.≈≈##...≈.##.##≈≈≈.≈.####
##≈≈.#....##...#≈≈##..≈.≈###
##≈≈.##.≈≈≈≈.≈.##.≈###≈...[.#


You could see a jelly.

Vanquished Creatures
  3 jellies (Sewer)
  3 gnolls (D:3)
  6 adders
  3 river rats (Sewer)
  A white imp (D:3)
  4 worms
  17 endoplasms
  8 giant cockroaches
  2 hobgoblins
  2 quokkas
  5 ball pythons
  4 bats
  9 frilled lizards
  A goblin (D:2)
  6 kobolds
  7 rats
81 creatures vanquished.

Vanquished Creatures (others)
  A fungus (D:1)
1 creature vanquished.

Grand Total: 82 creatures vanquished

Notes
Turn   | Place    | Note
-------+----------+-------------------------------------------
     0 | D:1      | cbfl8 the Minotaur Berserker began the quest for the Orb.
     0 | D:1      | Reached XP level 1. HP: 19/19 MP: 0/0
   339 | D:1      | Reached skill level 4 in Axes
   339 | D:1      | Reached XP level 2. HP: 22/27 MP: 1/1
   816 | D:1      | Found a faded altar of an unknown god.
  1370 | D:2      | Reached XP level 3. HP: 33/33 MP: 2/2
  1425 | D:2      | Reached ** piety under Trog
  1698 | D:3      | Reached XP level 4. HP: 41/41 MP: 3/3
  1701 | D:3      | Reached skill level 5 in Axes
  1708 | D:3      | Found a glowing drain.
  1732 | Sewer    | Entered a sewer
  1857 | Sewer    | Reached XP level 5. HP: 37/47 MP: 4/4
  2660 | Sewer    | Found a viscous altar of Jiyva.
  2667 | Sewer    | Reached skill level 6 in Axes
  2774 | Sewer    | Reached skill level 5 in Fighting
  2774 | Sewer    | Reached XP level 6. HP: 33/56 MP: 5/5
  3055 | Sewer    | HP: 2/56 [acid (9)]
  3056 | Sewer    | Splashed by a jelly's acid

Illustrated notes

Levels and vault maps discovered:
D:1:      saegor_arrival_under_anarchy, layout_basic,
          shapermc_ecumenical_altar_ellora, hangedman_decor_clover_reticule,
          minmay_tromino_v2
D:2:      layout_rooms, nicolae_wormholes
D:3:      layout_basic, mainiacjoe_overflow_alcove_4, serial_shops,
          nicolae_shop_temple_entry_statues_fountains, shop,
          gup_sewer_entry_glass, minmay_misc_feat_roman, chequers_big_river
Sewer:    sewer_hellmonk_slimy_pipes

Skill      XL: |  1  2  3  4  5 |
---------------+----------------+-----
Axes           | 4 5 6 |  6.1
Fighting       | 4 5 |  5.0
Armour         | 3 4 |  4.5
Dodging        | |  2.5

Action                   |  1- 3 |  4- 6 || total
-------------------------+-------+-------++-------
Melee: Hand axe          |    90 |   105 ||   195
       Headbutt          |     7 |    11 ||    18
       Punch             |     1 |       ||     1
Invok: Berserk           |     1 |       ||     1
  Use: Scroll            |     2 |       ||     2
Armor: Chain mail        |    34 |    49 ||    83
       Animal skin       |     2 |       ||     2
Dodge: Dodged            |    37 |    54 ||    91
